 Dungeon Crawl Stone Soup version 0.27-a0-1456-gf5a116941d (webtiles) character file.

Game seed: 102302594999716521

4557 pkoi the Blocker (level 10, -2/83 HPs)
             Began as a Minotaur Fighter on July 6, 2021.
             Was a High Priest of Okawaru.
             Slain by an ogre (20 damage)
             ... on level 6 of the Dungeon.
             The game lasted 00:10:15 (5963 turns).

pkoi the Blocker (Minotaur Fighter)                 Turns: 5963, Time: 00:10:15

Health: -2/83      AC: 13    Str: 23    XL:     10   Next: 18%
Magic:  7/13       EV: 12    Int:  5    God:    Okawaru [*****.]
Gold:   314        SH: 14    Dex: 11    Spells: 9/9 levels left

rFire    . . .     SeeInvis .   a - +1 flail (flame)
rCold    . . .     Faith    .   c - +1 kite shield
rNeg     . . .     Spirit   .   b - +0 scale mail
rPois    .         Reflect  .   (helmet restricted)
rElec    .         Harm     .   e - +0 cloak
rCorr    .         Rampage  .   j - +1 pair of gloves
Will     +....                  (no boots)
Stlth    +.........             s - amulet of regeneration
HPRegen  1.23/turn              o - ring of willpower
MPRegen  0.13/turn              (no ring)

@: heroic, finesse-ful
A: horns 2, retaliatory headbutt
a: Renounce Religion, Heroism, Finesse


You were on level 6 of the Dungeon.
You worshipped Okawaru.
Okawaru was extremely pleased with you.
You visited 2 branches of the dungeon, and saw 7 of its levels.

You collected 314 gold pieces.

Inventory:

Hand Weapons
 a - a +1 flail of flaming (weapon)
Missiles
 f - 25 poisoned darts (quivered)
 w - 16 atropa-tipped darts
 y - a curare-tipped dart
 A - a throwing net
Armour
 b - a +0 scale mail (worn)
 c - a +1 kite shield (worn)
 e - a +0 cloak (worn)
 j - a +1 pair of gloves (worn)
Jewellery
 h - a ring of fire
 k - a ring of wizardry
 o - a ring of willpower (left hand)
 q - a ring of ice
 s - an amulet of regeneration (around neck)
Wands
 n - a wand of charming (2)
 x - a wand of acid (12)
Scrolls
 g - 6 scrolls of teleportation
 m - 2 scrolls of identify
 u - 2 scrolls of brand weapon
Potions
 d - 3 potions of might
 i - a potion of flight
 l - 2 potions of mutation
 p - 2 potions of ambrosia {unknown}
 r - a potion of brilliance {unknown}
 t - 4 potions of curing
 v - 2 potions of heal wounds
 z - a potion of degeneration {unknown}


   Skills:
 - Level 6.1(11.1) Fighting
 + Level 8.1(13.1) Maces & Flails
 + Level 6.3(11.3) Throwing
 + Level 8.6(13.6) Armour
 - Level 1.0(6.0) Dodging
 + Level 8.7(13.7) Shields
 + Level 5.7 Invocations


You had 9 spell levels left.
You didn't know any spells.
Your spell library contained the following spells:

 Spells                   Type           Power      Damage    Failure   Level
 Pain                     Necr           0%         1d4       77%         1
 Lesser Beckoning         Tloc           0%         N/A       98%         3
 Animate Dead             Necr           0%         N/A       100%        4


Dungeon Overview and Level Annotations

Branches:
Dungeon (6/15)             Temple (1/1) D:4

Altars:
Ashenzari
Dithmenos
Elyvilon
Gozag
Kikubaaqudgha
Makhleb
Nemelex Xobeh
Okawaru
Qazlal
Ru
Sif Muna
Trog
Uskayaw
Vehumet
Wu Jian
Xom
Yredelemnul
The Shining One

Shops:
D:1 (   D:5 (   D:6 :


Innate Abilities, Weirdness & Mutations

You have a pair of horns on your head.
You reflexively headbutt those who attack you in melee.


Message History

You hit the orc warrior but do no damage.
The orc warrior is lightly wounded.
The orc warrior hits you but does no damage.
You closely miss the orc warrior. Your headbutt misses the orc warrior.
The orc warrior is lightly wounded.
The orc warrior hits you from afar with a +0 trident.
There is an open door, spattered with blood here.
Items here: ))) †.
You can now deal lightning-fast blows.
An ogre comes into view. It is wielding a +0 giant club.
The orc warrior hits you from afar with a +0 trident!
* * * LOW HITPOINT WARNING * * *
You block the orc warrior's attack.
You thump the orc warrior! You burn the orc warrior.
Your headbutt misses the orc warrior.
The orc warrior is almost dead.
You block the orc warrior's attack.
You sock the orc warrior! You burn the orc warrior.
You kill the orc warrior!
Okawaru accepts your kill.
You barely miss the orc warrior. Your headbutt misses the orc warrior.
You hit the orc warrior. You burn the orc warrior.
Your headbutt misses the orc warrior.
The orc warrior is moderately wounded.
The orc warrior hits you with a +0 long sword!
* * * LOW HITPOINT WARNING * * *
You hit the orc warrior but do no damage.
You headbutt the orc warrior, but do no damage.
The orc warrior is moderately wounded.
You barely miss the orc warrior. Your headbutt misses the orc warrior.
The orc warrior is moderately wounded.
You hit the orc warrior. You burn the orc warrior.
You headbutt the orc warrior, but do no damage.
The orc warrior is moderately wounded.
You block the orc warrior's attack.
You sock the orc warrior! You burn the orc warrior.
You kill the orc warrior!
Okawaru accepts your kill.
The ogre hits you with a +0 giant club!!
You die...

.....................#.o.#≈≈....#
######################.:.#≈≈P...#
#..)##...# ....#'###≈≈....#
#####....########....#.#.≈≈≈....#
....#....#.......... #.≈≈≈..P.#
......≈≈.........# #.≈≈≈....#
.)....≈≈.........# #.≈≈≈....#
.)).#....#......O# #.≈≈≈....#
################@# #.≈≈≈....#
)...'....'.......# #.≈≈≈....#
)...#....#)....^.# #.≈≈≈....#
....#.)..#.......# ###≈≈P...#
#####)'''########### #≈≈....#
.....................# #≈≈....#
≈≈≈≈≈....)≈≈≈≈≈≈≈≈≈≈≈#####≈≈..(.#
≈≈≈≈≈....≈≈≈≈≈≈≈≈≈≈≈≈≈≈≈≈≈≈≈....#
≈≈≈≈[....≈≈≈≈≈≈≈≈≈≈≈≈≈≈≈≈≈≈≈....#


You could see an ogre.

Vanquished Creatures
  A two-headed ogre (D:6)
  Pikel (D:6)
  Prince Ribbit (D:5)
  A warg (D:6)
  5 orc warriors (D:6)
  2 black bears
  10 ogres
  3 lemures
  A phantom (D:5)
  2 kobold brigands (D:6)
  4 scorpions
  A gnoll sergeant (D:6)
  6 howler monkeys
  3 jellies (D:5)
  10 hounds
  4 orc priests (D:6)
  A gnoll shaman (D:6)
  3 iguanas
  2 orc wizards (D:6)
  10 gnolls
  9 adders
  A shadow imp (D:6)
  2 white imps
  An ufetubus (D:5)
  2 worms
  3 dart slugs
  11 orcs
  2 bats (D:3)
  3 endoplasms
  2 giant cockroaches
  9 goblins
  5 hobgoblins
  4 jackals
  5 kobolds
  3 quokkas
  5 ball pythons
  3 frilled lizards
  7 rats
148 creatures vanquished.

Vanquished Creatures (others)
  2 plants (D:6)
2 creatures vanquished.

Grand Total: 150 creatures vanquished

Notes
Turn   | Place    | Note
-------+----------+-------------------------------------------
     0 | D:1      | pkoi the Minotaur Fighter began the quest for the Orb.
     0 | D:1      | Reached XP level 1. HP: 19/19 MP: 0/0
   273 | D:1      | Reached XP level 2. HP: 15/27 MP: 1/1
   437 | D:1      | Found Esoj's Antique Weapon Shoppe.
   702 | D:1      | Reached skill level 1 in Dodging
  1159 | D:2      | Reached XP level 3. HP: 33/33 MP: 2/2
  1600 | D:2      | Found a faded altar of an unknown god.
  1805 | D:2      | Reached skill level 1 in Throwing
  2183 | D:3      | Reached XP level 4. HP: 39/40 MP: 3/3
  2438 | D:3      | Found a shimmering blue altar of Sif Muna.
  3053 | D:4      | Noticed a scorpion
  3067 | D:3      | Killed a scorpion
  3068 | D:3      | Reached XP level 5. HP: 19/47 MP: 4/4
  3479 | D:4      | Reached XP level 6. HP: 55/55 MP: 5/5
  3495 | D:4      | Reached skill level 5 in Shields
  3498 | D:4      | Reached skill level 5 in Fighting
  3498 | D:4      | Reached skill level 5 in Armour
  3498 | D:4      | Found a staircase to the Ecumenical Temple.
  3501 | D:4      | HP: 3/84 [poisoned by a gnoll]
  3538 | Temple   | Entered the Ecumenical Temple
  3883 | Temple   | Became a worshipper of Warmaster Okawaru
  4372 | D:5      | Entered Level 5 of the Dungeon
  4390 | D:5      | Reached skill level 1 in Invocations
  4402 | D:5      | Reached XP level 7. HP: 53/61 MP: 6/6
  4488 | D:5      | Reached * piety under Okawaru
  4525 | D:5      | Got Sif Muna's Collected Works on Evil Dislocation
  4539 | D:5      | Found Utsokorch's Antique Weapon Boutique.
  4668 | D:5      | Noticed Prince Ribbit
  4680 | D:5      | Reached skill level 5 in Maces & Flails
  4685 | D:5      | Killed Prince Ribbit
  4685 | D:5      | Reached ** piety under Okawaru
  4686 | D:5      | Reached XP level 8. HP: 20/70 MP: 8/8
  4937 | D:6      | Noticed Pikel
  5099 | D:6      | Found Anku's Book Boutique.
  5290 | D:6      | Killed Pikel
  5290 | D:6      | Reached *** piety under Okawaru
  5291 | D:6      | Reached XP level 9. HP: 71/75 MP: 10/10
  5329 | D:6      | Reached skill level 5 in Throwing
  5528 | D:6      | Reached **** piety under Okawaru
  5767 | D:5      | Reached skill level 5 in Invocations
  5893 | D:6      | Received a gift from Okawaru
  5935 | D:6      | Noticed a two-headed ogre
  5944 | D:6      | Killed a two-headed ogre
  5944 | D:6      | Reached ***** piety under Okawaru
  5945 | D:6      | Reached XP level 10. HP: 29/83 MP: 10/13
  5963 | D:6      | Slain by an ogre

Illustrated notes

Levels and vault maps discovered:
D:1:      dpeg_chamrin_arrival_tetris, layout_basic, serial_shops, shop_statue,
          minmay_tree_intersection, minmay_pentomino_x4
D:2:      layout_basic, shapermc_ecumenical_altar_notcrosses
D:3:      layout_loops_corners, old_standard_altar
D:4:      layout_cave_pools, minmay_temple_entry_sparse_star
D:5:      cheibrodos_iron_armory, layout_rooms, serial_shops, shop,
          uniq_prince_ribbit1
D:6:      lemuel_castle_with_subvaults [lemuel_castle_interior_carwin_3],
          layout_rooms, serial_shops, shop, chequers_jeans, uniq_pikel
Temple:   minmay_temple_bridge_d

Skill      XL: |  1  2  3  4  5  6  7  8  9 |
---------------+----------------------------+-----
Dodging        | 1 |  1.0
Fighting       | 4 5 6 |  6.1
Armour         | 4 5 6 7 8 |  8.6
Shields        | 4 5 6 7 8 |  8.7
Maces & Flails | 3 4 5 6 8 |  8.1
Throwing       | 1 2 3 4 6 |  6.3
Invocations    | 1 2 3 5 |  5.7

Action                   |  1- 3 |  4- 6 |  7- 9 | 10-12 || total
-------------------------+-------+-------+-------+-------++-------
Melee: Flail             |    90 |   102 |   272 |    11 ||   475
       Headbutt          |    11 |    22 |    50 |     2 ||    85
Throw: Dart              |       |       |     9 |       ||     9
Invok: Heroism           |       |       |     1 |       ||     1
       Finesse           |       |       |       |     1 ||     1
  Use: Scroll            |     3 |     5 |     4 |       ||    12
       Potion            |       |     6 |       |       ||     6
Armor: Scale mail        |    34 |    56 |   106 |     1 ||   197
Dodge: Dodged            |    32 |    50 |   101 |     1 ||   184
Block: Kite shield       |    43 |    79 |   188 |     4 ||   314

Table legend: (Time is in decaauts)
 A = Elapsed time spent in this place.
 B = Non-inter-level travel time spent in this place.
 C = Inter-level travel time spent in this place.
 D = Time resting spent in this place.
 E = Time spent auto-exploring this place.
 F = Levels seen in this place.
 G = Mean time per level.
                   A        B        C        D        E       F      G
               +--------+--------+--------+--------+--------+-----+--------+
         Total |   6119 |   5778 |    341 |    815 |   3697 |   7 |  874.1 |
       Dungeon |   5701 |   5460 |    241 |    815 |   3389 |   6 |  950.2 |
        Temple |    417 |    317 |    100 |      0 |    308 |   1 |  417.0 |
               +--------+--------+--------+--------+--------+-----+--------+

Top non-repeatable levels by time:
     D:3: 1213 daAuts
     D:1: 1163 daAuts
     D:2: 996 daAuts
     D:6: 842 daAuts
     D:5: 819 daAuts
     D:4: 666 daAuts
  Temple: 417 daAuts
